 Dungeon Crawl Stone Soup version bcrawl-1.36.4 (webtiles) character file.

Game seed: 8221139832728732786

175979 BreqofToren the Covered (level 5, -2/45 HPs)
             Began as a Demigod Fighter on June 30, 2022.
             Slain by a sky beast (3 damage)
             ... on level 3 of the Dungeon.
             The game lasted 00:04:31 (2308 turns).

BreqofToren the Covered (Demigod Fighter)           Turns: 2308, Time: 00:04:32

Health: -2/45      AC:  8    Str: 22    XL:     5   Next: 57%
Magic:  9/9        EV:  6    Int: 12    God:    Demigod [**....]
Gold:   110        SH: 10    Dex: 16    Spells: 4/4 levels left

rFire    . . .     SeeInvis .   a - +0 long sword
rCold    . . .     Gourm    .   c - +0 medium shield
rNeg     . . .     Faith    .   b - +0 scale mail
rPois    .         Spirit   .   d - +0 helmet
rElec    .         Reflect  .   (no cloak)
rCorr    .                      (no gloves)
MR       +....                  (no boots)
Stlth    ..........             (no amulet)
HPRegen  0.15/turn              f - ring of protection from magic
MPRegen  0.11/turn              m - ring of wizardry

@: no status effects
A: high mp 1
a: Temporal Distortion, Growth


You were on level 3 of the Dungeon.
You worshipped Demigod.
Demigod was pleased with you.
You were hungry.

You visited 1 branch of the dungeon, and saw 3 of its levels.

You collected 110 gold pieces.

Inventory:

Hand Weapons
 a - a +0 long sword (weapon)
Armour
 b - a +0 scale mail (worn)
 c - a +0 medium shield (worn)
 d - a +0 helmet (worn)
Jewellery
 f - a ring of protection from magic (left hand)
 m - a ring of wizardry (right hand)
Scrolls
 g - a scroll of teleportation
Potions
 h - a potion of haste {unknown}
 j - a potion of flight {unknown}
 k - a potion of magic {unknown}
 l - 2 potions of brilliance {unknown}
 n - a potion of agility {unknown}
 o - a potion of cancellation {unknown}
Comestibles
 e - 2 rations {!d}
 i - 2 chunks of flesh


   Skills:
 + Level 3.3 Fighting
 + Level 2.6 Long Blades
 + Level 3.4 Armour
 + Level 1.7 Dodging
 + Level 3.3 Shields
 + Level 2.6 Invocations


You had 4 spell levels left.
You didn't know any spells.
Your spell library was empty.

Dungeon Overview and Level Annotations

Branches:
Dungeon (3/12)

Annotations:
D:3 Ijyb


Innate Abilities, Weirdness & Mutations

You have an increased reservoir of magic. (+10% MP)


Message History

Something shocks you.
Ijyb shoots a sling bullet.
Your shield and scale mail prevent you from hitting something.
A sky beast appears from thin air!
Reactivating autopickup.
The sky beast hits you. The sky beast shocks you.
* * * LOW HITPOINT WARNING * * *
The sky beast hits you.
* * * LOW HITPOINT WARNING * * *
The sky beast shocks you.
* * * LOW HITPOINT WARNING * * *
You hit the sky beast.
The sky beast is severely wounded.
The sky beast hits you but does no damage.
You hit the sky beast.
The sky beast is almost dead.
The sky beast flickers out of sight!
Deactivating autopickup; reactivate with Ctrl-A.
Something hits you.
You die...
Your divinity fades.

....#
#.#
#.#
.##.#
#.#
.#
#.# #
#.#
#.#
#.#
#.#
#.#
#@#
#{#
#g#
#.#
#.#
#.#
#.#
#.#


You could see Ijyb.

Vanquished Creatures
  A crimson imp (D:3)
  A hound (D:3)
  An iguana (D:3)
  A hound skeleton (D:2)
  Robin (D:2)
  3 worms
  A dart slug (D:1)
  3 leopard geckos
  An orc (D:3)
  6 bats
  2 giant cockroaches
  17 goblins
  20 hobgoblins
  11 kobolds
  A ball python (D:1)
  5 frilled lizards
  A rat (D:1)
76 creatures vanquished.

Notes
Turn   | Place    | Note
-------+----------+-------------------------------------------
     0 | D:1      | BreqofToren the Demigod Fighter began the quest for the
                  | Orb.
     0 | D:1      | Reached XP level 1. HP: 18/18 MP: 3/3
    94 | D:1      | Reached skill level 1 in Invocations
    94 | D:1      | Reached XP level 2. HP: 22/25 MP: 5/5
   378 | D:1      | Reached XP level 3. HP: 30/30 MP: 6/6
  1042 | D:2      | Noticed Robin
  1054 | D:2      | Reached * piety under Demigod
  1058 | D:2      | Killed Robin
  1059 | D:2      | Reached skill level 1 in Dodging
  1118 | D:2      | Reached XP level 4. HP: 21/38 MP: 8/8
  1576 | D:2      | Reached ** piety under Demigod
  1972 | D:3      | Reached XP level 5. HP: 7/45 MP: 9/9
  2294 | D:3      | Noticed a sky beast
  2296 | D:3      | Noticed Ijyb
  2306 | D:3      | HP: 1/45 [sky beast (5)]
  2308 | D:3      | Slain by a sky beast

Skill      XL: |  1  2  3 |
---------------+----------+-----
Invocations    | 1 2 |  2.6
Long Blades    | 2 |  2.6
Armour         | 3 |  3.4
Fighting       | 3 |  3.3
Dodging        | 1 |  1.7
Shields        | 3 |  3.3

Action                   |  1- 3 |  4- 6 || total
-------------------------+-------+-------++-------
Melee: Long sword        |   126 |   154 ||   280
  Use: Potion            |     1 |       ||     1
       Scroll            |       |     3 ||     3
  Eat: Chunk             |     5 |     5 ||    10
       Ration            |       |     1 ||     1
Armor: Scale mail        |    66 |    92 ||   158
Dodge: Dodged            |    26 |    26 ||    52
Block: Medium shield     |    72 |    90 ||   162
